Map: Troizinia LE

Players

Chalupa - Winner!

  • Race: Zerg Zerg
  • Spawn Location: 11:00

A.I. 1 (Very Easy)

  • Race: Protoss Protoss
  • Spawn Location: 5:00

VOD

Have the link to the VOD?

Description

Zerg Aggro Eco Baseline

Time

  • Played on: April 21, 2020, 9:54 p.m.
  • Length: 4:11
Show
View Real Time Build Order
Export as new Build Order

Chalupa Zerg - Winner!

Build Orders: Hatch First 

Get SALT Encoding   

  12  0:01  Drone  
  13  0:12  Overlord  
  13  0:16  Drone  
  14  0:30  Drone x2  
  16  0:50  Hatchery  
  16  0:52  Drone  
  16  0:55  Drone  
  17  0:59  Drone  
  17  1:02  Extractor  
  17  1:16  Spawning Pool  
  16  1:21  Drone  
  16  1:24  Drone  
  18  1:28  Drone  
  19  1:38  Overlord  
  19  1:49  Drone  
  20  2:02  Metabolic Boost, Queen  
  20  2:08  Queen  
  22  2:13  Zergling x2  
  25  2:15  Zergling x2  
  25  2:19  Zergling x2  
  25  2:22  Zergling x2  
  28  2:25  Zergling x2  
  29  2:31  Overlord  
  29  2:35  Zergling x2  
  30  2:41  Zergling x2  
  30  2:43  Zergling x2  
  32  2:47  Zergling x2  
  33  2:53  Zergling x2  
  33  2:56  Zergling x2  
  35  3:03  Lair  
  35  3:21  Hatchery  
  34  3:29  Baneling Nest  
  34  3:31  Drone  
  35  3:34  Drone  
  35  3:38  Drone  
  36  3:41  Drone  
  36  3:45  Drone  
  38  3:49  Drone  
  38  3:54  Drone  
  38  3:55  Drone  
Show
View Real Time Build Order
Export as new Build Order

A.I. 1 (Very Easy) Protoss 

Build Orders:  

Get SALT Encoding   

  12  0:00  Probe  
  13  0:13  Probe  
  14  0:20  Pylon  
  14  0:36  Assimilator  
  14  0:43  Gateway  
  14  0:48  Pylon  
  14  1:16  Assimilator  
  14  1:24  Zealot  
  14  1:25  Probe  
  17  1:33  Cybernetics Core  
  17  1:34  Probe  
  18  1:44  Probe  
  19  1:55  Probe  
  20  2:03  Probe  
  21  2:09  Warp Gate  
  21  2:12  Probe  
  22  2:44  Stalker  
  24  3:49  Probe  
  20  3:56  Stalker  
  20  3:59  Pylon  
Tags
 
Matchup
PvZ
Spawn Locations
Cross Positions
Add a new tag
Caveats
  • Supply blocks, unpowered buildings, or Contaminate may cause inaccurate times.
  • Supply counts are checked every 10 seconds.